 Dungeon Crawl Stone Soup version 0.30.1-11-g7821555f0a (webtiles) character file.

Game seed: 100053681954972558

489 monsoonserge the Magician (level 7, -7/46 HPs)
             Began as a Djinni Venom Mage on Nov 17, 2023.
             Mangled by an orc warrior
             ... wielding a +0 dire flail
              (11 damage)
             ... on level 5 of the Dungeon.
             The game lasted 00:13:33 (3955 turns).

monsoonserge the Magician (Djinni Venom Mage)       Turns: 3955, Time: 00:13:35

Health: -7/46      AC:  4    Str:  7    XL:     7   Next: 36%
Gold:   30         EV: 12    Int: 18    God:
                   SH:  0    Dex: 14

rFire   + + .        q - +0 long sword
rCold   x . .        (no shield)
rNeg    . . .        p - +0 leather armour
rPois   ∞            (no helmet)
rElec   .            (no cloak)
rCorr   .            b - +0 pair of gloves
SInv    .            (boots unavailable)
Will    .....        (no amulet)
Stlth   ++           l - +4 ring of slaying
HPRegen 0.27/turn    (no ring)
MPRegen 0.00/turn

%: infuse magic (-8 HP)
@: radiating poison, flying, very slightly contaminated
A: sickness immunity, fire resistance 2, cold vulnerability 1, float, innate
caster, HP casting, extra vitality 1
a: no special abilities


You were on level 5 of the Dungeon.
You visited 1 branch of the dungeon, and saw 5 of its levels.

You collected 240 gold pieces.
You spent 210 gold pieces at shops.

Inventory:

Hand Weapons
 q - a +0 long sword (weapon)
Missiles
 j - 3 javelins (quivered)
 w - 6 poisoned darts
 B - 6 boomerangs
Armour
 a - a +0 robe
 b - a +0 pair of gloves (worn)
 p - a +0 leather armour (worn)
 s - a +0 ring mail
Jewellery
 l - a +4 ring of slaying (left hand)
Wands
 r - a wand of charming (7)
 y - a wand of polymorph (2)
Scrolls
 d - 4 scrolls of identify {unknown}
 e - 3 scrolls of teleportation
 f - a scroll of enchant weapon {unknown}
 h - a scroll of blinking {unknown}
 i - a scroll of brand weapon {unknown}
 k - a scroll of fear
 n - a scroll of summoning {unknown}
 o - a scroll of enchant armour {unknown}
 t - a scroll of immolation {unknown}
 u - a scroll of magic mapping {unknown}
 v - a scroll of poison {unknown}
 C - 2 scrolls of vulnerability {unknown}
Potions
 c - 2 potions of degeneration {unknown}
 g - 3 potions of curing {unknown}
 m - a potion of flight {unknown}
 x - a potion of lignification {unknown}
 z - a potion of invisibility {unknown}
 A - a potion of mutation {unknown}


   Skills:
 + Level 0.4 Fighting
 + Level 0.2(0.5) Short Blades
 + Level 0.6(0.7) Long Blades
 * Level 2.1 Armour
 + Level 2.5 Dodging
 - Level 2.0 Stealth
 * Level 5.3 Spellcasting
 - Level 1.0 Evocations


You knew the following spells:

 Your Spells              Type           Power      Damage    Failure   Level
a - Sting                 Tmut/Pois      96%        1d7       1%          1
b - Poisonous Vapours     Pois/Air       48%        N/A       3%          2
c - Mephitic Cloud        Conj/Pois/Air  24%        N/A       6%          3
d - Olgreb's Toxic Radia  Pois           24%        N/A       21%         4
e - Beastly Appendage     Tmut           48%        N/A       1%          1
f - Searing Ray           Conj           48%        2d6       3%          2
g - Ensorcelled Hibernat  Hex/Ice        48%        N/A       3%          2
Your spell library was empty.

Dungeon Overview and Level Annotations

Branches:
Dungeon (5/15)
 Temple: D:4-7

Altars:
Dithmenos

Shops:
D:2 ***??   D:3 =


Innate Abilities, Weirdness & Mutations

You are immune to sickness and miasma.
You are immune to poison.
Your flesh is very heat resistant. (rF++)
You are vulnerable to cold. (rC-)
You float through the air rather than walking.
You learn spells naturally, not from books.
Your magical power is your life essence.
You have superior vitality. (+4 MHP)


Message History

The ball explodes into a vile cloud!
The stinking cloud engulfs the orc priest but does no damage.
The orc priest is severely wounded.
The stinking cloud engulfs the orc warrior but does no damage.
The orc warrior is lightly wounded.
The stinking cloud engulfs the orc but does no damage.
The orc is heavily wounded.
You hear a shout!
An orc comes into view. It is wielding a +0 hand axe.
The orc priest is engulfed in noxious fumes.
The orc priest appears confused.
The orc is engulfed in noxious fumes.
The orc appears confused.
You hit the orc warrior.
The orc warrior is moderately wounded.
The orc warrior hits you with a +0 dire flail!
An orc comes into view. It is wielding a +0 falchion.
Unknown command.
The ufetubus looks more healthy.
The orc is engulfed in noxious fumes.
The orc appears confused.
Unknown command.
Casting: Mephitic Cloud (dangerous; 6% risk of failure)
Confirm with . or Enter, or press ? or * to list all spells.
The spell is quite dangerous to miscast (22% risk of failure)!
Continue anyway?
You begin to radiate toxic energy.
The ufetubus is poisoned.
The orc warrior looks as sick as possible!
The orc is poisoned. x3; The ufetubus looks even sicker.
You kill the orc!
You kill the orc priest!
The orc looks even sicker. x3
You kill the orc!
The orc warrior hits you with a +0 dire flail!
* * * LOW HITPOINT WARNING * * *
Your Armour skill increases to level 2!
Okay, then.
You hit the orc warrior but do no damage.
You punch the orc warrior, but do no damage.
The orc warrior is severely wounded.
You kill the ufetubus!
The orc looks even sicker.
The orc warrior closely misses you.
The orc warrior hits you with a +0 dire flail!
You die...

.#.#.#.#.#.######..........
#.#.#.#.#..# #............
.#.#.#.#.#.# #.##.........
#.#.#.#.#..## #.##....)....
###.######..###.##...).....
#.................○°.....
#########.....##.Y°......
#.....##).°......
#...>.@o..o......
#.....##.........
#.....########### #.....#
#.....# ######


You could see an orc warrior (extremely poisoned), an ice beast and an orc (very
poisoned).

Vanquished Creatures
  2 scorpions
  A jelly (D:4)
  2 orc priests
  A hound (D:5)
  An iguana (D:5)
  Natasha (thrice) (D:2)
  6 gnolls
  2 adders
  2 ufetubi
  A worm (D:2)
  A dart slug (D:1)
  17 orcs
  5 bats
  6 endoplasms
  A giant cockroach (D:4)
  3 goblins
  2 hobgoblins (D:4)
  4 kobolds
  2 quokkas
  A ball python (D:1)
  2 frilled lizards (D:3)
  4 rats
69 creatures vanquished.

Notes
Turn   | Place    | Note
-------+----------+-------------------------------------------
     0 | D:1      | monsoonserge the Djinni Venom Mage began the quest for the
                  | Orb.
     0 | D:1      | monsoonserge set off with the following spells memorised:
                  | Sting, Poisonous Vapours, Mephitic Cloud, Olgreb's Toxic
                  | Radiance.
     0 | D:1      | Reached XP level 1. HP: 15/15 MP: 0/0
   266 | D:1      | Found a faded altar of an unknown god.
   550 | D:1      | Reached XP level 2. HP: 19/21 MP: 0/0
   810 | D:2      | Found Onet's General Store.
   822 | D:2      | Reached skill level 3 in Spellcasting
   822 | D:2      | Reached XP level 3. HP: 23/25 MP: 0/0
   822 | D:2      | Learned a level 1 spell: Beastly Appendage
   828 | D:2      | Found a shadowy altar of Dithmenos.
   853 | D:2      | Found Qaekh's General Store.
   857 | D:2      | Bought a scroll of fear for 56 gold pieces
   943 | D:2      | Found Suz Dish's Assorted Antiques.
  1032 | D:2      | Found Temyk's Magic Scroll Boutique.
  1040 | D:2      | Bought a scroll of noise for 11 gold pieces
  1041 | D:2      | Noticed Natasha
  1051 | D:2      | Killed Natasha
  1052 | D:2      | Reached XP level 4. HP: 12/31 MP: 0/0
  1078 | D:2      | Noticed Natasha
  1154 | D:2      | Killed Natasha
  1524 | D:2      | Found Waeng's Magic Scroll Boutique.
  1615 | D:2      | Noticed Natasha
  1622 | D:2      | Killed Natasha
  1623 | D:2      | Reached XP level 5. HP: 29/35 MP: 0/0
  1623 | D:2      | Learned a level 2 spell: Searing Ray
  1771 | D:2      | Bought a scroll labelled ACKOOX BAOWN for 22 gold pieces
  1893 | D:3      | Found Unecresou's Jewellery Shop.
  1907 | D:3      | Reached skill level 4 in Spellcasting
  2533 | D:2      | Bought a scroll labelled GUKAPO RE HIAD for 22 gold pieces
  2533 | D:2      | Bought a scroll labelled NURIPA WIRPH for 22 gold pieces
  2533 | D:2      | Bought a scroll labelled BUMETEI PUMIR for 22 gold pieces
  2767 | D:4      | Reached XP level 6. HP: 22/40 MP: 0/0
  2817 | D:2      | Bought a scroll labelled WUHEORE ONORPH for 22 gold pieces
  3146 | D:4      | Reached skill level 1 in Armour
  3280 | D:4      | Reached skill level 1 in Evocations
  3596 | D:2      | Bought a scroll of teleportation for 33 gold pieces
  3624 | D:5      | Entered Level 5 of the Dungeon
  3632 | D:5      | Reached skill level 5 in Spellcasting
  3746 | D:5      | Reached XP level 7. HP: 41/46 MP: 0/0
  3746 | D:5      | Learned a level 2 spell: Ensorcelled Hibernation
  3955 | D:5      | Mangled by an orc warrior

Illustrated notes

Levels and vault maps discovered:
D:1:      heliophobic_arrival_dark_side_of_the_moon, layout_basic,
          hellmonk_ecumenical_altar_inner_sanctum, item_on_display_a
D:2:      layout_loops_ring, basic_altar, serial_shops, shop, shop,
          nicolae_shop_real_fake_doors, nicolae_shop_tiny_waterfront,
          nicolae_shop_rolled_up, uniq_natasha
D:3:      layout_rooms, serial_shops, shop, minmay_misc_feat_four_crosses
D:4:      layout_rooms
D:5:      layout_basic

Skill      XL: |  1  2  3  4  5  6  7 |
---------------+----------------------+-----
Spellcasting   | 3 4 5 |  5.3
Stealth        | 2 |  2.0
Armour         | 1 2 |  2.1
Evocations     | 1 |  1.0
Fighting       | |  0.4
Short Blades   | |  0.2
Long Blades    | |  0.6
Dodging        | |  2.5

Action                     |  1- 3 |  4- 6 |  7- 9 || total
---------------------------+-------+-------+-------++-------
  Melee: Unarmed           |    12 |       |       ||    12
         Short sword       |     2 |     4 |       ||     6
         Long sword        |       |    18 |     4 ||    22
         Punch             |       |       |     1 ||     1
   Cast: Sting             |    30 |    80 |     4 ||   114
         Poisonous Vapours |     1 |    12 |     3 ||    16
         Beastly Appendage |       |     1 |       ||     1
         Mephitic Cloud    |       |     5 |     1 ||     6
         Olgreb's Toxic Ra |       |     2 |     2 ||     4
         Searing Ray       |       |     2 |       ||     2
   Stab: Sleeping          |       |     1 |       ||     1
         Confused          |       |     1 |       ||     1
 Armour: Robe              |     8 |     2 |       ||    10
         Leather armour    |       |     7 |     2 ||     9
  Dodge: Dodged            |    36 |    21 |     1 ||    58
